 Dungeon Crawl Stone Soup version 0.30-a0-737-gf23d94013f (webtiles) character file.

Game seed: 6492377472082635889

26 ragingrage the Scratcher (level 2, -2/12 HPs)
             Began as a Felid Transmuter on Feb 1, 2023.
             Slain by a worm (7 damage)
             ... on level 2 of the Dungeon.
             The game lasted 00:00:43 (730 turns).

ragingrage the Scratcher (Felid Transmuter)          Turns: 730, Time: 00:00:43

Health: -2/12      AC:  1    Str:  6    XL:     2   Next: 89%
Magic:  4/6        EV: 17    Int: 14    God:
Gold:   17         SH:  0    Dex: 16    Spells: 2/5 levels left
                                        Lives:  0   Deaths: 0

rFire   . . .      SeeInvis +      - Unarmed
rCold   . . .      Faith    .    (shield unavailable)
rNeg    . . .      Spirit   .    (body armour unavailable)
rPois   .          Reflect  .    (helmet unavailable)
rElec   .          Harm     .    (cloak unavailable)
rCorr   .          Rampage  .    (gloves unavailable)
Will    .....                    (boots unavailable)
Stlth   ++                       (no amulet)
HPRegen 0.22/turn                (no ring)
MPRegen 0.10/turn                (no ring)

@: appendages (expiring), wereblooded, quick
A: horns 2, very small, claws 1, fangs 3, see invisible, speed 1, shaggy fur 1,
stealthy paws, no weapons or thrown items, no armour, multi-lived
a: End Transformation


You were on level 2 of the Dungeon.
You had temporarily grown beastly horns.
You visited 1 branch of the dungeon, and saw 2 of its levels.

You collected 17 gold pieces.

Inventory:

Scrolls
 b - a scroll of identify {unknown}
 d - a scroll of fog {unknown}
Potions
 a - a potion of lignification
 c - 2 potions of attraction {unknown}
 e - a potion of berserk rage {unknown}


   Skills:
 - Level 1.0 Fighting
 - Level 2.6 Dodging
 + Level 1.6 Stealth
 * Level 3.6 Unarmed Combat
 - Level 2.0 Spellcasting
 + Level 2.6 Transmutations


You had 2 spell levels left.
You knew the following spells:

 Your Spells              Type           Power      Damage    Failure   Level
a - Beastly Appendage     Tmut           16%        N/A       8%          1
b - Wereblood             Tmut           8%         N/A       12%         2

Your spell library contained the following spells:

 Spells                   Type           Power      Damage    Failure   Level
 Magic Dart               Conj           4%         1d3       24%         1
 Searing Ray              Conj           2%         2d4       34%         2
 Spider Form              Tmut/Pois      5%         N/A       38%         3
 Ice Form                 Ice/Tmut       5%         N/A       80%         4
 Fulminant Prism          Conj/Hex       0%         3d5       93%         4


Dungeon Overview and Level Annotations

Branches:
Dungeon (2/15)

Altars:


Innate Abilities, Weirdness & Mutations

You have temporarily grown beastly horns.
You have sharp claws.
You have razor-sharp teeth.
You have supernaturally acute eyesight. (SInv)
You cover ground quickly. (Speed+)
You are covered in fur. (AC +1)
Your paws help you pounce on unaware monsters.
You are incapable of wielding weapons or throwing items.
You cannot wear armour.
You gain extra lives every three experience levels.


Message History

(D) Dungeon
Where to? (? - help)
There is an open door here.
You see here a bat skeleton.
There is a stone staircase leading down here.
You climb downwards.
There is a stone staircase leading up here.
There are monsters nearby!
There are monsters nearby!
There are monsters nearby!
There are monsters nearby!
Casting: Wereblood (safe; 12% risk of failure)
Confirm with . or Enter, or press ? or * to list all spells.
You grow a pair of large bovine horns.
Casting: Beastly Appendage (safe; 9% risk of failure)
Confirm with . or Enter, or press ? or * to list all spells.
Your blood is infused with primal strength.
The endoplasm quivers.
Found a brown potion.
You scratch the endoplasm but do no damage.
The endoplasm completely misses you.
You scratch the endoplasm.
The endoplasm is severely wounded.
The endoplasm completely misses you.
You scratch the endoplasm but do no damage.
You headbutt the endoplasm.
You kill the endoplasm!
Your transformation is almost over.
The worm barely misses you.
You barely miss the worm.
You headbutt the worm, but do no damage.
You scratch the worm. Your claw misses the worm.
The worm is moderately wounded.
The worm bites you!
Ouch! That really hurt!
You claw the worm! You headbutt the worm.
The worm is almost dead.
The worm bites you!
Ouch! That really hurt!
You die...

.. .. .#+.
###.#.#
##<#.#.####
#..........
#.....#####
#..........
#.##......####
#.....@...#
####.w.......#
............#
####.........#
####+######


You could see a worm.

Vanquished Creatures
  A dart slug (D:1)
  6 endoplasms
  3 giant cockroaches (D:1)
  3 goblins (D:1)
  A ball python (D:1)
  2 bats (D:1)
  2 kobolds (D:1)
  3 rats (D:1)
21 creatures vanquished.

Notes
Turn   | Place    | Note
-------+----------+-------------------------------------------
     0 | D:1      | ragingrage the Felid Transmuter began the quest for the
                  | Orb.
     0 | D:1      | Reached XP level 1. HP: 9/9 MP: 4/4
    84 | D:1      | Reached skill level 1 in Stealth
    84 | D:1      | Reached XP level 2. HP: 9/12 MP: 6/6
   161 | D:1      | Learned a level 2 spell: Wereblood
   730 | D:2      | Slain by a worm

Illustrated notes

Levels and vault maps discovered:
D:1:      ebering_trefoil_3fold, layout_basic, st_stairs_3,
          grunt_decor_one_mirror, amcnicky_mini_corridor_feature
D:2:      layout_basic, minivault_27

Skill      XL: |  1 |
---------------+----+-----
Stealth        | 1 |  1.6
Fighting       | |  1.0
Dodging        | |  2.6
Unarmed Combat | |  3.6
Spellcasting   | |  2.0
Transmutations | |  2.6

Action                     || total
---------------------------++-------
  Melee: Unarmed           ||    45
         Headbutt          ||     9
         Bite              ||     4
         Punch             ||     1
   Cast: Beastly Appendage ||    10
         Wereblood         ||     5
   Stab: Sleeping          ||     1
 Armour: Skin              ||     7
  Dodge: Dodged            ||    20

Table legend: (Time is in decaauts)
 A = Elapsed time spent in this place.
 B = Non-inter-level travel time spent in this place.
 C = Inter-level travel time spent in this place.
 D = Time resting spent in this place.
 E = Time spent auto-exploring this place.
 F = Levels seen in this place.
 G = Mean time per level.
                   A        B        C        D        E       F      G
               +--------+--------+--------+--------+--------+-----+--------+
         Total |    629 |    608 |     21 |      4 |    477 |   2 |  314.5 |
       Dungeon |    629 |    608 |     21 |      4 |    477 |   2 |  314.5 |
               +--------+--------+--------+--------+--------+-----+--------+

Top non-repeatable levels by time:
     D:1: 617 daAuts
     D:2: 11 daAuts
